 Dungeon Crawl Stone Soup version 0.30.1-4-g462c640d31 (webtiles) character file.

Game seed: 15701313285825751079

33457 Wiggles the Severer (level 13, -8/124 HPs)
             Began as a Minotaur Berserker on Sept 12, 2023.
             Was a High Priest of Trog.
             Mangled by a seven-headed hydra (11 damage)
             ... on level 5 of the Lair of Beasts.
             The game lasted 00:23:14 (15808 turns).

Wiggles the Severer (Minotaur Berserker)           Turns: 15808, Time: 00:23:14

Health: -8/124     AC: 25    Str: 31    XL:     13   Next: 36%
Magic:  4/4        EV:  9    Int:  4    God:    Trog [*****.]
Gold:   1064       SH:  0    Dex: 10    Spells: 12/12 levels left

rFire   . . .        M - +9 battleaxe of Conflict {antimagic, rElec rC+ Str+4}
rCold   + . .        (shield currently unavailable)
rNeg    . . .        h - +2 plate armour
rPois   .            l - +2 hat
rElec   +            d - +0 cloak
rCorr   .            y - +0 pair of gloves
SInv    +            m - +0 pair of boots
Will    .....        (no amulet) Stlth
                     K - +4 ring of slaying
HPRegen 0.40/turn    L - ring "Gunazeju" {SInv Stlth+}
MPRegen 0.09/turn

%: no passive effects
@: no status effects
A: horns 2, retaliatory headbutt
a: Renounce Religion, Berserk, Trog's Hand, Brothers in Arms


You were on level 5 of the Lair of Beasts.
You worshipped Trog.
Trog was extremely pleased with you.
You visited 2 branches of the dungeon, and saw 16 of its levels.
You also visited: Ossuary.

You collected 1162 gold pieces.
You spent 98 gold pieces at shops.

Inventory:

Hand Weapons
 x - a +1 heavy war axe
 M - the +9 battleaxe of Conflict (weapon) {antimagic, rElec rC+ Str+4}
   (Trog gifted it to you on level 11 of the Dungeon)

   Str:       It affects your strength (+4).
   rC:        It protects you from cold.
   rElec:     It insulates you from electricity.
Armour
 d - a +0 cloak (worn)
 h - a +2 plate armour (worn)
 l - a +2 hat (worn)
 m - a +0 pair of boots (worn)
 y - a +0 pair of gloves (worn)
Jewellery
 b - a ring of protection from fire
 j - a ring of protection from cold
 z - an amulet of magic regeneration
 G - a +5 ring of evasion
 I - a +5 ring of evasion
 K - a +4 ring of slaying (left hand)
 L - the ring "Gunazeju" (right hand) {SInv Stlth+}
   (You found it on level 11 of the Dungeon)

   [ring of see invisible]

   SInv:      It lets you see invisible.
   Stlth:     It makes you more stealthy.
Wands
 u - a wand of quicksilver (4)
 w - a wand of flame (24)
 C - a wand of mindburst (15)
 D - a wand of polymorph (7)
 H - a wand of paralysis (11)
 P - a wand of roots (5)
Scrolls
 f - a scroll of identify
 n - 4 scrolls of enchant weapon
 p - a scroll of brand weapon
 A - 2 scrolls of magic mapping
 E - 5 scrolls of teleportation
 J - a scroll of blinking
 N - a scroll of fog
Potions
 a - 4 potions of mutation
 c - 3 potions of lignification
 e - 4 potions of flight
 g - 6 potions of curing
 k - 5 potions of haste
 o - 5 potions of might
 s - 2 potions of heal wounds
 v - 2 potions of berserk rage
 B - a potion of resistance
 F - 3 potions of cancellation


   Skills:
 + Level 14.1 Fighting
 + Level 19.0 Axes
 + Level 13.8 Armour
 + Level 3.6 Dodging
 + Level 1.0 Stealth
 + Level 2.4 Shields
 + Level 1.1 Evocations


You had 12 spell levels left.
You didn't know any spells.
Your spell library was empty.

Dungeon Overview and Level Annotations

Branches:
Dungeon (11/15)            Temple (0/1) D:7            Lair (5/5) D:10
 Shoals (0/4) Lair:2        Snake (0/4) Lair:3        Slime (0/5) Lair:4
Ossuary (visited)
    Orc: D:9-12

Altars:
Ashenzari
Cheibriados
Gozag
Hepliaklqana
Sif Muna
Trog
Uskayaw
Jiyva

Shops:
D:4 (   D:6 :


Innate Abilities, Weirdness & Mutations

You have a pair of horns on your head.
You reflexively headbutt those who attack you in melee.


Message History

The seven-headed hydra bites you.
* * * LOW HITPOINT WARNING * * *
The catoblepas seems less confused.
The swamp drake bites your troll! The swamp drake bites your troll.
Your ogre hits the catoblepas with a +0 giant club!!
Your troll bites the swamp drake!
Your troll barely misses the swamp drake.
Your troll claws the swamp drake!!
The swamp drake dies!
Trog accepts your kill.
The catoblepas attacks as you move away!
The catoblepas gores you!
* * * LOW HITPOINT WARNING * * *
The catoblepas breathes a plume of calcifying dust at you.
The blast of calcifying dust hits you!
* * * LOW HITPOINT WARNING * * *
Your ogre hits the catoblepas with a +0 giant club!!!
The catoblepas dies!
Trog accepts your kill.
The seven-headed hydra bites you but does no damage.
The seven-headed hydra barely misses you.
The seven-headed hydra closely misses you.
The seven-headed hydra bites you but does no damage.
The seven-headed hydra closely misses you.
The seven-headed hydra bites you but does no damage. x2
Your troll closely misses your ogre.
Your troll claws your ogre. x2
You feel much better.
You are engulfed in calcifying dust.
Your ogre hits the seven-headed hydra with a +0 giant club!!!
Your troll misses the water moccasin. x3; The water moccasin bites you.
* * * LOW HITPOINT WARNING * * *
The seven-headed hydra bites you!
* * * LOW HITPOINT WARNING * * *
The seven-headed hydra bites you but does no damage.
The seven-headed hydra bites you!
* * * LOW HITPOINT WARNING * * *
The seven-headed hydra bites you.
* * * LOW HITPOINT WARNING * * *
The seven-headed hydra closely misses you.
The seven-headed hydra bites you!
You die...

######## ######
##.....#.##......
#......##........
#...§§@§<........
.......SDO..#.P.P
......#kT.### #
.........##
#..#....†.## ##
###.....####
###......#
###.....# ##...##


You could see a seven-headed hydra (ally target), a swamp drake, a water
moccasin (ally target), a friendly troll (summoned, berserk, confused) and a
friendly ogre (summoned, berserk).

Vanquished Creatures
  2 hydras (Lair:4)
  3 two-headed ogres
  A sixfirhy (D:11)
  2 skysharks
  Pikel (D:8)
  2 cyclopes (D:11)
  A manticore (D:11)
  12 elephants
  A merfolk siren (Lair:2)
  2 black mambas
  7 cane toads
  5 komodo dragons
  2 rime drakes (Lair:4)
  A kobold demonologist (D:10)
  3 merfolk (Lair:2)
  4 trolls
  Prince Ribbit (Lair:3)
  A hornet (D:9)
  5 blink frogs
  4 wyverns
  A vampire (D:10)
  6 shadows
  2 wraiths
  3 basilisks
  30 yaks
  Menkaure (D:6)
  3 vampire mosquitoes (D:11)
  13 water moccasins
  An ogre (D:5)
  2 ice beasts
  3 black bears
  7 centaurs
  2 wolves (D:10)
  4 kobold brigands
  9 bullfrogs
  A gnoll sergeant (D:9)
  3 scorpions
  8 wights
  7 killer bees
  2 electric eels (D:10)
  3 howler monkeys (D:10)
  3 human zombies (Ossuary)
  6 hounds
  3 orc priests
  7 jellies
  Jessica (D:2)
  10 orc wizards
  Natasha (thrice) (D:3)
  4 iguanas
  4 hell rats (Lair:3)
  A hound zombie (Ossuary)
  3 mummies (Ossuary)
  5 gnolls (D:9)
  5 adders
  2 shadow imps
  4 white imps
  5 adder zombies (Ossuary)
  5 worms
  2 dart slugs
  23 orcs
  5 ball pythons
  6 bats
  4 endoplasms
  2 giant cockroaches
  4 gnoll zombies (Ossuary)
  5 goblins
  8 hobgoblins
  4 quokkas
  4 frilled lizards
  4 goblin zombies (Ossuary)
  4 hobgoblin zombies (Ossuary)
  6 jackal zombies (Ossuary)
  20 kobolds
  3 kobold zombies (Ossuary)
  An orc zombie (Ossuary)
  3 quokka zombies (Ossuary)
  8 rats
  3 rat zombies (Ossuary)
  A spectral hobgoblin (D:3)
362 creatures vanquished.

Vanquished Creatures (collateral kills)
  A catoblepas (Lair:5)
  2 hydras (Lair:2)
  A polar bear (Lair:4)
  A blink frog (Lair:2)
  A swamp drake (Lair:5)
6 creatures vanquished.

Grand Total: 368 creatures vanquished

Notes
Turn   | Place    | Note
-------+----------+-------------------------------------------
     0 | D:1      | Wiggles the Minotaur Berserker began the quest for the Orb.
     0 | D:1      | Reached XP level 1. HP: 19/19 MP: 0/0
   212 | D:1      | Reached XP level 2. HP: 27/27 MP: 1/1
   231 | D:1      | Reached skill level 4 in Axes
   791 | D:2      | Noticed Jessica
   796 | D:2      | Killed Jessica
   797 | D:2      | Reached XP level 3. HP: 34/34 MP: 2/2
   912 | D:2      | Reached ** piety under Trog
  1372 | D:3      | Reached XP level 4. HP: 41/41 MP: 3/3
  1426 | D:3      | Noticed Natasha
  1435 | D:3      | Killed Natasha
  1436 | D:3      | Reached skill level 5 in Axes
  1443 | D:3      | Noticed Natasha
  1455 | D:3      | Killed Natasha
  1457 | D:3      | Noticed Natasha
  1470 | D:3      | Killed Natasha
  1471 | D:3      | Reached XP level 5. HP: 19/47 MP: 4/4
  1582 | D:3      | Found an opulent altar of Gozag.
  1871 | D:3      | Found a faded altar of an unknown god.
  1875 | D:3      | Found a broken altar of Ashenzari.
  1934 | D:3      | Found a hazy altar of Hepliaklqana.
  1971 | D:3      | You fall into a shaft and drop 1 floor!
  2099 | D:4      | Reached skill level 6 in Axes
  2335 | D:4      | Reached XP level 6. HP: 49/55 MP: 5/5
  2404 | D:3      | Found a snail-covered altar of Cheibriados.
  2632 | D:4      | Found a bloodstained altar of Trog.
  2747 | D:4      | Found Lolod's Antique Weapon Emporium.
  2776 | D:4      | Bought a war axe for 98 gold pieces
  2870 | D:5      | Entered Level 5 of the Dungeon
  2874 | D:5      | Reached skill level 5 in Fighting
  2951 | D:5      | Reached skill level 5 in Armour
  2976 | D:5      | Reached skill level 7 in Axes
  3138 | D:5      | Reached XP level 7. HP: 61/61 MP: 6/6
  3310 | D:5      | Reached *** piety under Trog
  3668 | D:5      | Reached skill level 8 in Axes
  3992 | D:5      | Reached XP level 8. HP: 70/70 MP: 7/7
  4455 | D:6      | Noticed Menkaure
  4461 | D:6      | Killed Menkaure
  4462 | D:6      | Reached skill level 9 in Axes
  4688 | D:6      | Found Leudet's Book Boutique.
  5467 | D:7      | Reached skill level 10 in Axes
  5536 | D:7      | Found a staircase to the Ecumenical Temple.
  5541 | D:7      | Identified the +12 quarterstaff "Onude" {protect, rPois
                  | Dex+2 Stlth-}
  5948 | D:7      | Found a sand-covered staircase.
  5957 | Ossuary  | Entered an ossuary
  5991 | Ossuary  | Reached **** piety under Trog
  6190 | Ossuary  | Reached XP level 9. HP: 79/79 MP: 8/8
  6265 | D:7      | Found a hide-covered altar of Uskayaw.
  6639 | D:8      | Reached skill level 11 in Axes
  6770 | D:8      | Noticed Pikel
  6781 | D:8      | Killed Pikel
  6782 | D:8      | Reached skill level 12 in Axes
  7550 | D:9      | Reached ***** piety under Trog
  7556 | D:9      | Reached skill level 13 in Axes
  7645 | D:9      | Noticed a troll
  7650 | D:9      | Killed a troll
  7657 | D:9      | Reached XP level 10. HP: 85/90 MP: 9/9
  7757 | D:9      | Found a shimmering blue altar of Sif Muna.
  8022 | D:10     | Entered Level 10 of the Dungeon
  8048 | D:10     | Noticed a two-headed ogre
  8052 | D:10     | Killed a two-headed ogre
  8053 | D:10     | Reached skill level 14 in Axes
  8053 | D:10     | Reached skill level 1 in Shields
  8172 | D:10     | Noticed a two-headed ogre
  8181 | D:10     | Killed a two-headed ogre
  8331 | D:10     | Found a staircase to the Lair.
  8334 | D:10     | Reached skill level 10 in Fighting
  8340 | D:10     | Reached skill level 15 in Axes
  8671 | D:10     | Reached XP level 11. HP: 57/100 MP: 10/10
  9264 | D:11     | Reached skill level 1 in Evocations
  9492 | D:11     | Identified the ring "Gunazeju" {SInv Stlth+}
  9617 | D:11     | Reached skill level 10 in Armour
  9687 | D:11     | Found a runed translucent door.
  9768 | D:11     | Identified the +9 battleaxe of Conflict {antimagic, rElec
                  | rC+ Str+4} (Trog gifted it to you on level 11 of the
                  | Dungeon)
  9768 | D:11     | Received a gift from Trog
 10014 | D:11     | Noticed a two-headed ogre
 10019 | D:11     | Killed a two-headed ogre
 10283 | D:11     | Noticed a sixfirhy
 10717 | D:11     | Killed a sixfirhy
 10718 | D:11     | Reached skill level 16 in Axes
 10772 | Lair:1   | Entered Level 1 of the Lair of Beasts
 11754 | Lair:2   | Noticed a skyshark
 11762 | Lair:2   | Killed a skyshark
 11763 | Lair:2   | Reached XP level 12. HP: 112/112 MP: 3/11
 11767 | Lair:2   | Noticed an eight-headed hydra
 11775 | Lair:2   | Killed a ten-headed hydra
 12163 | Lair:2   | Noticed a six-headed hydra
 12172 | Lair:2   | Killed a six-headed hydra
 12263 | Lair:2   | Reached skill level 17 in Axes
 12506 | Lair:2   | Found a staircase to the Shoals.
 13472 | Lair:3   | Reached skill level 18 in Axes
 13578 | Lair:3   | Found a staircase to the Snake Pit.
 13853 | Lair:3   | Noticed Prince Ribbit
 13860 | Lair:3   | Killed Prince Ribbit
 14455 | Lair:4   | Noticed a seven-headed hydra
 14456 | Lair:4   | Noticed a seven-headed hydra
 14464 | Lair:4   | Killed a nine-headed hydra
 14469 | Lair:4   | Reached skill level 1 in Stealth
 14471 | Lair:4   | Killed an 11-headed hydra
 14472 | Lair:4   | Reached XP level 13. HP: 65/122 MP: 4/12
 15153 | Lair:4   | Found a viscous altar of Jiyva.
 15161 | Lair:4   | Found a staircase to the Slime Pits.
 15766 | Lair:5   | Entered Level 5 of the Lair of Beasts
 15782 | Lair:5   | Reached skill level 19 in Axes
 15808 | Lair:5   | HP: 6/124 [seven-headed hydra (8)]
 15808 | Lair:5   | Mangled by a seven-headed hydra

Illustrated notes

Levels and vault maps discovered:
D:1:      dpeg_cavernosity, layout_basic
D:2:      cheibrodos_helix_gallery, layout_loops_ring, st_stairs_14,
          uniq_jessica
D:3:      layout_basic, nicolae_hepliaklqana_monster_ancestors,
          nicolae_overflow_ecumenical_swirl, grunt_gozag_statues,
          cheibrodos_worm_habitat, dk_vineyard_3, uniq_natasha
D:4:      layout_basic, bloody_trog, serial_shops, shop, st_stairs_5
D:5:      layout_layer_cave, kennysheep_potato
D:6:      layout_cave_pods, serial_shops, nicolae_book_shop_shelving,
          minivault_11, uniq_menkaure
D:7:      layout_basic, general_overflow_altar, minmay_temple_entry_sparse_star,
          enter_ossuary_1, minmay_misc_feat_secret_circle
D:8:      layout_loops_corners, mrwooster_statue_mirror,
          amcnicky_mini_rare_corridor_liquid, uniq_pikel
D:9:      layout_long_grid, led_sif_book
D:10:     layout_roguey, erik_lair_island, serial_glass, glass_columns_a,
          glass_columns_a, glass_columns_a, glass_columns_a,
          kennysheep_another_room, hangedman_corner_corridor
D:11:     cheibrodos_shockbox, layout_layer_cave
Lair:1:   layout_cave_pods
Lair:2:   layout_regular_city, elwin_shoals_entry_stream
Lair:3:   layout_layer_cave, dummy_snake_entry, uniq_prince_ribbit2
Lair:4:   layout_regular_city, nicolae_slime_entry_field_trip,
          columned_hall_lemuel, grunt_megastairs_5
Lair:5:   hangedman_lair_caniforms_friends, layout_cave_pods, pond,
          grunt_megastairs_2

Skill      XL: |  1  2  3  4  5  6  7  8  9 10 11 12 13 |
---------------+----------------------------------------+-----
Fighting       | 4 5 6 7 8 10 11 13 14 | 14.1
Axes           | 4 5 6 7 8 10 13 15 16 18 19 | 19.0
Armour         | 3 4 5 6 7 8 9 11 13 | 13.8
Shields        | 2 |  2.4
Evocations     | 1 |  1.1
Dodging        | 3 |  3.6
Stealth        | 1 |  1.0

Action                     |  1- 3 |  4- 6 |  7- 9 | 10-12 | 13-15 || total
---------------------------+-------+-------+-------+-------+-------++-------
  Melee: Hand axe          |    76 |   104 |       |       |       ||   180
         Headbutt          |     6 |    21 |    49 |    58 |    19 ||   153
         Punch             |       |     1 |     1 |       |       ||     2
         War axe           |       |    25 |   235 |   125 |       ||   385
         Battleaxe         |       |       |       |   165 |    71 ||   236
 Invoke: Berserk           |     1 |     2 |     6 |     5 |       ||    14
         Brothers in Arms  |       |       |       |     4 |     2 ||     6
  Evoke: Wand              |       |       |       |     3 |       ||     3
    Use: Scroll            |       |       |    19 |    11 |       ||    30
         Potion            |       |       |       |       |     1 ||     1
 Armour: Ring mail         |    14 |       |       |       |       ||    14
         Plate armour      |    23 |   122 |   143 |   237 |   102 ||   627
  Dodge: Dodged            |    28 |    57 |   150 |   165 |    50 ||   450
  Block: Buckler           |       |       |    10 |    24 |       ||    34
